 Dungeon Crawl Stone Soup version 0.20-a0-967-g62cfa5d (webtiles) character file.

312 Gorglomux the Skirmisher (level 6, 0/52 HPs)
             Began as a Bultungin Fighter on Apr 7, 2017.
             Was a Believer of Kikubaaqudgha.
             Slain by a two-headed ogre
             ... wielding a +0 dire flail
              (7 damage)
             ... on level 3 of the Dungeon.
             The game lasted 00:07:32 (3000 turns).

Gorglomux the Skirmisher (Bultungin Fighter)        Turns: 3000, Time: 00:07:33

Health: 0/52       AC:  7    Str: 15    XL:     6   Next: 42%
Magic:  6/7        EV: 10    Int: 10    God:    Kikubaaqudgha [**....]
Gold:   83         SH: 10    Dex: 14    Spells: 6/6 levels left

rFire    . . .     SeeInvis +   a - +0 long sword
rCold    . . .     Gourm    .   c - +0 shield
rNeg     . . .     Faith    .   b - +0 scale mail
rPois    .         Spirit   .   (no helmet)
rElec    .         Reflect  .   (no cloak)
rCorr    .         Harm     .   (no gloves)
MR       .....                  (no boots)
Stlth    ..........             (no amulet)
Regen    0.2/turn               (no ring)
MPRegen  0.1/turn               (no ring)

@: slowed, very slow
A: short attention span, fangs 1, see invisible, strong nose
a: Receive Corpses, Renounce Religion


You were on level 3 of the Dungeon.
You worshipped Kikubaaqudgha.
Kikubaaqudgha was pleased with you.
You were not hungry.

You visited 1 branch of the dungeon, and saw 3 of its levels.

You collected 173 gold pieces.
You spent 90 gold pieces at shops.

Inventory:

Hand Weapons
 a - a +0 long sword (weapon)
Missiles
 y - 5 tomahawks (quivered)
Armour
 b - a +0 scale mail (worn)
 c - a +0 shield (worn)
 w - a +0 pair of boots
Scrolls
 k - a scroll of amnesia
 p - 2 scrolls of identify {unknown}
 x - a scroll of enchant armour {unknown}
 z - a scroll of remove curse
Potions
 d - a potion of might
 h - 3 potions of magic {unknown}
 q - a potion of mutation {unknown}
 s - a potion of curing
 u - a potion of agility {unknown}
Books
 v - Kikubaaqudgha's Tome of Evil Rituals {god gift}
   (Kikubaaqudgha gifted it to you on level 2 of the Dungeon)

   Spells                             Type                      Level
   a - Animate Skeleton               Necromancy                   1
   b - Corpse Rot                     Necromancy                   2
   c - Sublimation of Blood           Necromancy                   2
   d - Regeneration                   Charms/Necromancy            3
   e - Control Undead                 Necromancy                   4
Comestibles
 f - 4 bread rations
 l - 5 fruits
 n - a royal jelly
 r - 2 meat rations
 t - 6 chunks of flesh


   Skills:
 + Level 6.0 Fighting
 + Level 5.1 Long Blades
 + Level 4.7 Armour
 + Level 4.4 Dodging
 - Level 1.3 Stealth
 + Level 6.0 Shields
 + Level 0.8 Spellcasting
 + Level 0.0 Necromancy


You had 6 spell levels left.
You didn't know any spells.

Dungeon Overview and Level Annotations

Branches:
Dungeon (3/15)

Altars:
Fedhas
Kikubaaqudgha
Qazlal
Uskayaw
Zin


Innate Abilities, Weirdness & Mutations

You have a short attention span.
You have very sharp teeth.
You have supernaturally acute eyesight. (SInv)
Your uncanny sense of smell can sniff out nearby items.


Message History

The orc priest barely misses you.
You riposte.
You slash the orc priest!
The orc priest is severely wounded.
You slash the orc priest!
You kill the orc priest!
Kikubaaqudgha accepts your kill. You block the orc wizard's attack.
The two-headed ogre hits you with a dire flail!
You block the two-headed ogre's attack.
The orc wizard hits you but does no damage.
Things that are here:
a hand axe; a leather armour The orc wizard mumbles some strange words.
The orc wizard seems to speed up.
The two-headed ogre barely misses you.
The two-headed ogre hits you with a dire flail!
* * * LOW HITPOINT WARNING * * *
The orc wizard mumbles some strange words.
The orc wizard blinks!
The two-headed ogre hits you with a dire flail!
You die...
Kikubaaqudgha rasps: "You have failed me!
Welcome... death!"

(.....................+
##...###########...#### #..##
##..# #.## ###)##### ... #.#
#.......# .. #.# #...###.# #'###
#.# #.### #.# .... ##.#
####.#####.# ).### .#.#######
##...@Oo)...###....# .........#
#..##.###§####.....#.#
.#######.###.###......%o..§......
.# #.#§....#####.#####...##.# .#
#.#.....#.....# ..## ##
#...._....##### ∆.... ###.....###
##### #§....# ###.###


You could see a two-headed ogre and an orc wizard.

Vanquished Creatures
  The ghost of nubinia the Magician, an amateur BuWz of Ashenzari (D:3)
  A jelly (D:3)
  An orc priest (D:3)
  Robin (D:3)
  4 adders
  2 worms (D:3)
  3 dart slugs
  A leopard gecko (D:3)
  8 orcs (D:3)
  21 goblins
  7 hobgoblins
  10 jackals
  11 kobolds
  2 quokkas (D:3)
  9 bats
  5 rats
87 creatures vanquished.

Notes
Turn   | Place    | Note
-------+----------+-------------------------------------------
     0 | D:1      | Gorglomux the Bultungin Fighter began the quest for the Orb.
     0 | D:1      | Reached XP level 1. HP: 20/20 MP: 1/1
    66 | D:1      | Reached skill level 1 in Stealth
    66 | D:1      | Reached XP level 2. HP: 21/26 MP: 2/2
   133 | D:1      | Reached skill level 1 in Dodging
   294 | D:1      | Reached XP level 3. HP: 17/31 MP: 3/3
   791 | D:2      | Found an ancient bone altar of Kikubaaqudgha.
   791 | D:2      | Found a blossoming altar of Fedhas.
   830 | D:2      | Became a worshipper of Kikubaaqudgha
  1028 | D:2      | Found Zin's Purification Station.
  1033 | D:2      | Found a glowing silver altar of Zin.
  1038 | D:2      | Bought a potion of curing for 90 gold pieces
  1185 | D:2      | Reached XP level 4. HP: 37/38 MP: 4/4
  1241 | D:2      | Reached skill level 3 in Dodging
  1320 | D:3      | Noticed Robin
  1334 | D:3      | Killed Robin
  1359 | D:3      | Noticed nubinia's ghost (amateur BuWz)
  1529 | D:2      | Reached * piety under Kikubaaqudgha
  1529 | D:2      | Identified Kikubaaqudgha's Tome of Evil Rituals {god gift} (Kikubaaqudgha gifted it to you on level 2 of the Dungeon)
  1529 | D:2      | Received a gift from Kikubaaqudgha
  1942 | D:3      | Found a hide-covered altar of Uskayaw.
  1998 | D:3      | Killed nubinia's ghost
  1998 | D:3      | Reached XP level 5. HP: 39/46 MP: 5/5
  2138 | D:3      | Reached XP level 6. HP: 4/52 MP: 6/6
  2419 | D:3      | Reached skill level 6 in Fighting
  2497 | D:3      | Reached skill level 6 in Shields
  2568 | D:3      | Found a stormy altar of Qazlal.
  2634 | D:3      | Reached ** piety under Kikubaaqudgha
  2641 | D:3      | Noticed a two-headed ogre
  3000 | D:3      | Slain by a two-headed ogre

Vault maps used:
D:1:      minmay_arrival_loop
D:2:      zin_purify, grunt_temple_overflow_growth_and_decay, first_bread,
          grunt_ministairs_8
D:3:      overflow_temple_1_default, lemuel_blue_sif_altar, grunt_qazlal_clouds,
          nicolae_overflow_hidden_temple, uniq_robin

Skill      XL: |  1  2  3  4  5  6 |
---------------+-------------------+-----
Stealth        | 1 |  1.3
Dodging        | 1 2 3 4 |  4.4
Shields        | 5 6 |  6.0
Long Blades    | 4 5 |  5.1
Fighting       | 5 6 |  6.0
Armour         | |  4.7
Spellcasting   | |  0.8

Action                   |  1- 3 |  4- 6 || total
-------------------------+-------+-------++-------
Melee: Long sword        |   128 |   162 ||   290
       Bite              |    12 |    20 ||    32
  Use: Scroll            |       |     4 ||     4
       Potion            |       |     1 ||     1
  Eat: Chunk             |     1 |     6 ||     7
Armor: Scale mail        |    53 |    76 ||   129
Dodge: Dodged            |    39 |    72 ||   111
Block: Shield            |    88 |    99 ||   187
       Rpst.: Long sword |     8 |    30 ||    38
